 Dungeon Crawl Stone Soup version 0.19-a0-854-gc78d25d (webtiles) character file.

210 Implojin the Chopper (level 5, 0/45 HPs)
             Began as a Minotaur Fighter on July 2, 2016.
             Slain by a sky beast (5 damage)
             ... on level 6 of the Dungeon.
             The game lasted 00:02:36 (429 turns).

Implojin the Chopper (Minotaur Fighter)              Turns: 429, Time: 00:02:36

Health: 0/45       AC:  6    Str: 20    XL:     5   Next: 56%
Magic:  4/4        EV:  7    Int:  5    God:
Gold:   7          SH:  9    Dex: 11    Spells: 0 memorised, 4 levels left

rFire  . . .     SeeInvis .     a - +0 war axe
rCold  . . .     Gourm    .     b - +0 scale mail
rNeg   . . .     Faith    .     c - +0 shield
rPois  .         Spirit   .     (helmet restricted)
rElec  .         Dismiss  .     (no cloak)
rCorr  .         Reflect  .     (no gloves)
SustAt .         Harm     .     (no boots)
MR     .....                    (no amulet)
Stlth  ..........               (no ring)
                                (no ring)

@: not resistant to hostile enchantments, extremely unstealthy
A: retaliatory headbutt, horns 2
a: no special abilities


You were on level 6 of the Dungeon.
You were not hungry.

You visited 1 branch of the dungeon, and saw 6 of its levels.

You collected 7 gold pieces.

Inventory:

Hand Weapons
 a - a +0 war axe (weapon)
Armour
 b - a +0 scale mail (worn)
 c - a +0 shield (worn)
Scrolls
 d - a scroll of noise {unknown}
 e - a scroll of remove curse {unknown}
 i - 2 scrolls of teleportation {unknown}
Potions
 g - a potion of haste
 h - a potion of cancellation {unknown}
 k - a potion of cure mutation {unknown}
 l - a potion of curing {unknown}
 m - 2 potions of brilliance
Books
 j - a book of the Earth

   Spells                             Type                      Level
   a - Leda's Liquefaction            Hexes/Earth                  4
   b - Bolt of Magma                  Conjuration/Fire/Earth       5
   c - Statue Form                    Transmutation/Earth          6
   d - Iron Shot                      Conjuration/Earth            6
   e - Shatter                        Earth                        9
Comestibles
 f - 3 bread rations
 n - 5 chunks of flesh


   Skills:
 - Level 3.6 Fighting
 * Level 7.1 Axes
 - Level 3.6 Armour
 - Level 3.6 Shields


You had 4 spell levels left.
You didn't know any spells.

Dungeon Overview and Level Annotations

Branches:
Dungeon (6/15)
 Temple: D:4-7

Altars:
Zin

Annotations:
D:4 Grinder; idiolect's ghost, amateur FoFi


Innate Abilities, Weirdness & Mutations

You reflexively headbutt those who attack you in melee.
You have a pair of horns on your head.


Message History

You block the adder's attack.
You slash the adder!
You kill the adder!
Found 23 stones.
Found a stone staircase leading up.
A sky beast appears from thin air!
Reactivating autopickup.
Found 14 gold pieces.
The sky beast hits you.
* * * LOW HITPOINT WARNING * * *
The sky beast shocks you.
* * * LOW HITPOINT WARNING * * *
Unknown command.
You closely miss the sky beast.
The sky beast hits you but does no damage.
The sky beast hits you.
* * * LOW HITPOINT WARNING * * *
The sky beast shocks you.
* * * LOW HITPOINT WARNING * * *
Unknown command.
Unknown command.
You barely miss the sky beast. The sky beast hits you.
* * * LOW HITPOINT WARNING * * *
The sky beast shocks you.
* * * LOW HITPOINT WARNING * * *
Unknown command.
Unknown command.
You hit the sky beast. Your headbutt misses the sky beast.
The sky beast is lightly wounded.
The sky beast hits you but does no damage.
Unknown command.
You miss the sky beast. Your headbutt misses the sky beast.
The sky beast is lightly wounded.
You block the sky beast's attack.
You slash the sky beast! You headbutt the sky beast!
The sky beast is severely wounded.
The sky beast hits you.
* * * LOW HITPOINT WARNING * * *
The sky beast shocks you.
You die...

# # Y##.. ....
##################{.
....<...............###
.........# ###.....#
$........#### #.....#'#+#+
.........@..# #...........
.......(..Y.# #...........
............#####....<....
...............#####......
.............≈.....'.....>
.#######........####......
#........# #......
######...# ####### ##.##


You could see a sky beast.

Vanquished Creatures
  An ogre (D:5)
  An orc wizard (D:5)
  2 worker ants (D:5)
  4 adders
  A worm (D:5)
  2 giant geckos (D:1)
  3 orcs (D:5)
  A bat (D:2)
  A quokka (D:6)
  A jackal zombie (D:5)
17 creatures vanquished.

Notes
Turn   | Place    | Note
-------+----------+-------------------------------------------
     0 | D:1      | Implojin the Minotaur Fighter began the quest for the Orb.
     0 | D:1      | Reached XP level 1. HP: 19/19 MP: 0/0
     2 | D:1      | Noticed a vampire
     2 | D:1      | Noticed a dwarf
     4 | D:1      | Noticed a naga
     4 | D:1      | Noticed a troll
     6 | D:1      | Noticed a tengu
     6 | D:1      | Noticed an octopode
     8 | D:1      | Noticed a felid
     8 | D:1      | Noticed a vine stalker
    10 | D:1      | Noticed a gargoyle
    10 | D:1      | Noticed a ghoul
    12 | D:1      | Noticed a merfolk
    12 | D:1      | Noticed a formicid
    14 | D:1      | Noticed a demigod
    14 | D:1      | Noticed a halfling
    16 | D:1      | Noticed a human
    18 | D:1      | Noticed a spriggan
    20 | D:1      | Noticed a centaur
    20 | D:1      | Noticed an ogre
    22 | D:1      | Noticed a minotaur
    22 | D:1      | Noticed a demonspawn
    24 | D:1      | Noticed a draconian
    26 | D:1      | Noticed an elf
    71 | D:2      | Reached skill level 3 in Axes
    71 | D:2      | Reached XP level 2. HP: 22/26 MP: 1/1
    90 | D:2      | Reached skill level 4 in Axes
   105 | D:3      | Reached XP level 3. HP: 21/31 MP: 2/2
   139 | D:5      | Entered Level 5 of the Dungeon
   150 | D:5      | Reached skill level 5 in Axes
   185 | D:5      | Reached XP level 4. HP: 38/39 MP: 3/3
   192 | D:5      | Reached skill level 6 in Axes
   270 | D:4      | Noticed idiolect's ghost (amateur FoFi)
   283 | D:4      | Noticed an ogre
   287 | D:4      | Noticed Grinder
   326 | D:5      | Found a glowing silver altar of Zin.
   352 | D:5      | Noticed an ogre
   360 | D:5      | Killed an ogre
   360 | D:5      | Reached skill level 7 in Axes
   360 | D:5      | Reached XP level 5. HP: 19/45 MP: 4/4
   385 | D:5      | Noticed an ogre
   404 | D:6      | Noticed a sky beast
   429 | D:6      | Slain by a sky beast

Vault maps used:
D:1:      kb_arrival_jail, minmay_misc_feat_tower
D:2:      nicolae_overflow_hidden_temple, uniq_crazy_yiuf_cottage, uniq_natasha,
          uniq_jessica
D:3:      lemuel_round_altar, tso_metal_star
D:4:      lemuel_doored_altar, overflow_temple_1_default,
          hangedman_decor_growths, grunt_gozag_breadcrumbs, uniq_grinder
D:5:      zin_academy, first_bread
D:6:      trog_eyes_of_draining, basic_altar, minmay_misc_feat_rugged,
          kennysheep_decorative_pillar, cheibrodos_ashenzari_chains

Skill      XL: |  1  2  3  4 |
---------------+-------------+-----
Axes           | 3 4 5 7 |  7.1
Fighting       | |  3.6
Armour         | |  3.6
Shields        | |  3.6

Action                   |  1- 3 |  4- 6 || total
-------------------------+-------+-------++-------
Melee: War axe           |    23 |    18 ||    41
       Headbutt          |     3 |     5 ||     8
  Use: Potion            |     1 |       ||     1
       Scroll            |       |     2 ||     2
Armor: Scale mail        |    19 |     4 ||    23
Dodge: Dodged            |    15 |     5 ||    20
Block: Shield            |    18 |     5 ||    23

Table legend:
 A = Turns spent in this place as a percentage of turns spent in the entire game.
 B = Non-inter-level travel turns spent in this place as a percentage of non-inter-level travel turns spent in the entire game.
 C = Inter-level travel turns spent in this place as a percentage of turns spent in this place.
 D = Turns resting spent in this place as a percentage of non-inter-level travel turns spent in this place.
 E = Turns spent auto-exploring this place as a percentage of non-inter-level travel turns spent in this place.
 F = Non-inter-level travel turns spent in this place divided by the number of levels of this place that you've seen.
                   A       B       C       D       E      F
               +-------+-------+-------+-------+-------+----------------------
         Total | 100.0 | 100.0 |   0.0 |   0.0 |   0.0 |  74.2
       Dungeon | 100.0 | 100.0 |   0.0 |   0.0 |   0.0 |  74.2
               +-------+-------+-------+-------+-------+----------------------

Table legend:
 A = Kills in this place as a percentage of kills in entire the game.
 B = Kills by you in this place as a percentage of kills by you in the entire game.
 C = Kills by friends in this place as a percentage of kills by friends in the entire game.
 D = Other kills in this place as a percentage of other kills in the entire game.
 E = Experience gained in this place as a percentage of experience gained in the entire game.
 F = Experience gained in this place divided by the number of levels of this place that you have seen.
                   A       B       C       D       E      F
               +-------+-------+-------+-------+-------+----------------------
         Total | 100.0 | 100.0 |  -nan |  -nan | 100.0 |  50.0
       Dungeon | 100.0 | 100.0 |  -nan |  -nan | 100.0 |  50.0
               +-------+-------+-------+-------+-------+----------------------
